 Dungeon Crawl Stone Soup version 0.28.0-49-g6dfe1f597d (webtiles) character file.

Game seed: 11598765262870048353

18 Zeld the Shield-Bearer (level 2, -1/25 HPs)
             Began as a Formicid Fighter on May 18, 2022.
             Slain by Robin
             ... wielding a +0 spear
              (5 damage)
             ... on level 4 of the Dungeon.
             The game lasted 00:00:38 (434 turns).

Zeld the Shield-Bearer (Formicid Fighter)            Turns: 434, Time: 00:00:39

Health: -1/25      AC:  6    Str: 20    XL:     2   Next: 85%
Magic:  2/2        EV:  9    Int:  7    God:
Gold:   39         SH:  4    Dex: 10    Spells: 1/1 levels left

rFire   . . .      SeeInvis +   a - +0 war axe
rCold   . . .      Faith    .   c - +0 buckler
rNeg    . . .      Spirit   .   b - +0 scale mail
rPois   .          Reflect  .   (helmet unavailable)
rElec   .          Harm     .   (no cloak)
rCorr   .          Rampage  .   (no gloves)
Will    .....                   (no boots)
Stlth   ..........              (no amulet)
HPRegen 0.08/turn               (no ring)
MPRegen 0.08/turn               (no ring)

@: no status effects
A: permanent stasis, dig shafts and tunnels, antennae 3, four strong arms
a: Dig, Shaft Self


You were on level 4 of the Dungeon.
You visited 1 branch of the dungeon, and saw 4 of its levels.

You collected 39 gold pieces.

Inventory:

Hand Weapons
 a - a +0 war axe (weapon)
Armour
 b - a +0 scale mail (worn)
 c - a +0 buckler (worn)
Potions
 d - a potion of might


   Skills:
 * Level 3.6 Fighting
 * Level 2.4 Axes
 + Level 3.5 Armour
 + Level 3.8 Shields


You had one spell level left.
You didn't know any spells.
Your spell library was empty.

Dungeon Overview and Level Annotations

Branches:
Dungeon (4/15)
 Temple: D:4-7

Altars:

Annotations:
D:4 Robin


Innate Abilities, Weirdness & Mutations

You cannot be hasted, slowed, berserked, paralysed or teleported.
You can dig through walls and to a lower floor.
You have a pair of large antennae on your head. (SInv)
Your four strong arms can wield two-handed weapons with a shield.


Message History

The goblin is moderately wounded.
You barely miss the goblin. x2; Robin throws the goblin at you!
The goblin hits you but does no damage.
The dart slug briefly extends its eye-stalks.
The goblin hits you with a +0 club.
* * * LOW HITPOINT WARNING * * *
The goblin barely misses you. The goblin closely misses you.
Unknown command.
Unknown command.
Unknown command.
You slash the goblin!
You kill the goblin!
You miss the goblin. You barely miss the goblin. You slash the goblin!
You kill the goblin!
The goblin misses you. The goblin hits you but does no damage.
The goblin barely misses you.
Unknown command.
Unknown command.
Unknown command.
You barely miss the hobgoblin. You slash the goblin!
You kill the goblin!
You hit the goblin.
You kill the goblin!
The hobgoblin misses you.
Unknown command.
Unknown command.
You slash the hobgoblin!
You kill the hobgoblin!
You hit the hobgoblin but do no damage.
The hobgoblin hits you but does no damage.
Robin hits you but does no damage.
The hobgoblin hits you but does no damage.
Unknown command.
Unknown command.
You slash the hobgoblin!
You kill the hobgoblin!
Robin hits you from afar with a +0 spear.
* * * LOW HITPOINT WARNING * * *
Robin hits you from afar with a +0 spear.
You die...

...#
##...####.##
...
##...##..#
#......##
##.....# .
#..####
..#####.##
........#
......))#
...###w@# ..
##)# #g# ..#
..# ....
.##. ## .


You could see Robin and a dart slug.

Vanquished Creatures
  8 goblins
  3 hobgoblins (D:4)
  2 quokkas
  A kobold (D:3)
  3 rats (D:3)
17 creatures vanquished.

Notes
Turn   | Place    | Note
-------+----------+-------------------------------------------
     0 | D:1      | Zeld the Formicid Fighter began the quest for the Orb.
     0 | D:1      | Reached XP level 1. HP: 18/18 MP: 1/1
   283 | D:3      | Reached XP level 2. HP: 21/24 MP: 2/2
   421 | D:4      | Noticed Robin
   434 | D:4      | Slain by Robin

Illustrated notes

Levels and vault maps discovered:
D:1:      nzn_arrival_water_spiral, layout_basic
D:2:      layout_loops_cross, shapermc_ecumenical_altar_mp_vishouse,
          chequers_serial_rivers_large_a
D:3:      layout_loops_ring, mainiacjoe_overflow_two_lobes
D:4:      layout_layer_cave, mainiacjoe_overflow_chevrons, serial_shops,
          nicolae_shop_crystal, uniq_robin, uniq_pikel, uniq_duvessa,
          uniq_crazy_yiuf_cottage

Action                   || total
-------------------------++-------
Melee: War axe           ||    31
Armor: Scale mail        ||    20
Dodge: Dodged            ||    19
Block: Buckler           ||     4
